 Dungeon Crawl Stone Soup version 0.21.1-1-g345015fe64 (webtiles) character file.

352 Jens78 the Changer (level 6, -1/38 HPs)
             Began as an Octopode Transmuter on June 7, 2018.
             Killed by nerve-wracking pain
             ... invoked by a shadow imp
              (12 damage)
             ... on level 3 of the Dungeon.
             The game lasted 01:02:18 (3437 turns).

Jens78 the Changer (Octopode Transmuter)            Turns: 3437, Time: 01:02:18

Health: -1/38      AC:  1    Str:  9    XL:     6   Next: 62%
Magic:  2/10       EV: 14    Int: 15    God:
Gold:   206        SH:  0    Dex: 15    Spells: 1/11 levels left

rFire    . . .     SeeInvis .   p - +1 dagger (venom)
rCold    . . .     Gourm    .   (no shield)
rNeg     . . .     Faith    .   (helmet restricted)
rPois    .         Spirit   .   (no amulet)
rElec    .         Reflect  .   k - ring of resist corrosion
rCorr    +         Harm     .   (no ring)
MR       .....                  (no ring)
Stlth    +++.......             (no ring)
HPRegen  0.12/turn              (no ring)
MPRegen  0.12/turn              (no ring)
                                (no ring)
                                (no ring)

@: no status effects
A: almost no armour, stealthy swim, amphibious, 8 rings, constrict 8, camouflage
1, gelatinous body 1
a: no special abilities


You were on level 3 of the Dungeon.
You were not hungry.

You visited 1 branch of the dungeon, and saw 6 of its levels.

You collected 206 gold pieces.

Inventory:

Hand Weapons
 e - a +0 hunting sling
 f - a cursed -2 flail
 p - a +1 dagger of venom (weapon)
Missiles
 a - 95 arrows
 h - 6 tomahawks (quivered)
 m - 88 stones
Jewellery
 j - an uncursed amulet of faith {unknown}
 k - a ring of resist corrosion (left tentacle)
 o - an uncursed ring of ice {unknown}
 u - a cursed -2 ring of slaying {unknown}
Wands
 x - a wand of flame (37)
Scrolls
 g - 2 scrolls of identify
 l - a scroll of remove curse {unknown}
 n - a scroll of immolation {unknown}
 r - a scroll of teleportation {unknown}
Potions
 d - a potion of curing {unknown}
 i - 2 potions of brilliance
 q - a potion of might {unknown}
 t - a potion of agility {unknown}
 v - a potion of flight {unknown}
 w - a potion of ambrosia {unknown}
Books
 b - a book of Changes

   Spells                             Type                      Level
   a - Beastly Appendage              Transmutation                1
   b - Sticks to Snakes               Transmutation                2
   c - Spider Form                    Transmutation/Poison         3
   d - Ice Form                       Ice/Transmutation            4
   e - Blade Hands                    Transmutation                5
Comestibles
 c - 8 rations
 s - 4 chunks of flesh


   Skills:
 + Level 1.3 Fighting
 * Level 1.1 Short Blades
 + Level 0.4 Throwing
 + Level 2.4 Dodging
 + Level 2.7 Stealth
 - Level 3.3 Unarmed Combat
 + Level 3.3 Spellcasting
 * Level 4.3 Transmutations
 + Level 2.2 Poison Magic


You had one spell level left.
You knew the following spells:

 Your Spells              Type           Power        Failure   Level  Hunger
a - Beastly Appendage     Tmut           ###...       3%          1    #......
b - Sticks to Snakes      Tmut           ###.....     4%          2    ##.....
c - Spider Form           Tmut/Pois      ##........   16%         3    ###....
d - Ice Form              Ice/Tmut       #.......     61%         4    #####..


Dungeon Overview and Level Annotations

Branches:
Dungeon (6/15)
 Temple: D:4-7

Altars:
Ashenzari

Annotations:
D:2 exclusion: downstairs
D:3 1 transporter


Innate Abilities, Weirdness & Mutations

You cannot wear most types of armour.
You are very stealthy in the water. (Stealth+)
You are amphibious.
You can wear up to eight rings at the same time.
You can use your tentacles to constrict eight enemies at once.
Your skin changes colour to match your surroundings (Stealth+).
Your rubbery body absorbs attacks. (AC +1, EV +1)


Message History

Beogh smites you!
* * * LOW HITPOINT WARNING * * *
You hit the orc priest.
The orc priest is poisoned.
The orc priest is heavily wounded.
Your ball python bites the orc priest.
Your ball python constricts the orc priest.
The shadow imp closely misses you.
The orc priest hits your ball python with a falchion.
Your ball python dies!
The orc priest shouts!
You swap places.
You kill the orc priest!
Your ball python barely misses the shadow imp.
Your ball python misses the shadow imp.
The shadow imp hits your ball python.
Your ball python closely misses the shadow imp.
Your ball python barely misses the shadow imp.
The shadow imp hits your ball python. The shadow imp gestures at you.
Pain shoots through your body!
You die...

#.# #.......# #.#.#.# #.#
#.#####.###.#.#.# #.#
############.....#.#.# #.#
#..........÷.......#.# #.#
#.###############..#.# #.#
#.#8P#5...$..#≈8#..#.##
#.######.#P.#≈≈≈≈≈≈≈#.P#......
####........#..#..≈≈≈..#.$#..#.##
.....####..©#©.'@.≈⌠≈..+)©#©...#
###### ##..#..#..≈≈≈..#.$#....#
##.#P.#S≈≈≈≈≈≈#.P#.##.#
#.#8P#5).....#≈8#.##...
#.###############.#####
#.................#
###################


You could see 2 shadow imps and a friendly ball python.

Vanquished Creatures
  A scorpion (D:3)
  A howler monkey (D:2)
  A bullfrog zombie (D:2)
  2 orc priests (D:3)
  An orc wizard (D:3)
  A worker ant (D:4)
  4 adders
  An ooze (D:2)
  A worm (D:2)
  A dart slug (D:1)
  A leopard gecko (D:4)
  4 orcs
  7 bats
  A giant cockroach (D:2)
  7 goblins
  6 hobgoblins
  9 jackals
  3 quokkas
  3 frilled lizards
  2 kobolds
  5 rats
62 creatures vanquished.

Vanquished Creatures (collateral kills)
  A worker ant (D:4)
  An adder (D:2)
  2 ball pythons (D:1)
  A kobold (D:3)
5 creatures vanquished.

Grand Total: 67 creatures vanquished

Notes
Turn   | Place    | Note
-------+----------+-------------------------------------------
     0 | D:1      | Jens78 the Octopode Transmuter began the quest for the Orb.
     0 | D:1      | Reached XP level 1. HP: 13/13 MP: 3/3
   369 | D:1      | Reached XP level 2. HP: 17/18 MP: 3/5
   449 | D:1      | Learned a level 2 spell: Sticks to Snakes
   513 | D:1      | Reached skill level 1 in Stealth
   884 | D:2      | Reached XP level 3. HP: 13/23 MP: 4/6
  1132 | D:2      | Found a shattered altar of Ashenzari.
  1516 | D:2      | Learned a level 3 spell: Spider Form
  1763 | D:2      | Reached XP level 4. HP: 28/28 MP: 4/8
  1813 | D:2      | Reached skill level 1 in Poison Magic
  2398 | D:2      | Reached XP level 5. HP: 33/33 MP: 6/9
  2403 | D:2      | Reached skill level 3 in Transmutations
  2645 | D:4      | Reached skill level 1 in Short Blades
  2645 | D:4      | Reached XP level 6. HP: 38/38 MP: 2/10
  2653 | D:3      | Learned a level 4 spell: Ice Form
  2741 | D:3      | Reached skill level 4 in Transmutations
  3191 | D:5      | Entered Level 5 of the Dungeon
  3262 | D:3      | Found a transporter.
  3349 | D:3      | Found a transporter.
  3437 | D:3      | Killed from afar by a shadow imp

Skill      XL: |  1  2  3  4  5  6 |
---------------+-------------------+-----
Stealth        | 1 2 |  2.7
Poison Magic   | 2 |  2.2
Spellcasting   | 3 |  3.3
Transmutations | 3 4 |  4.3
Short Blades   | 1 |  1.1
Fighting       | |  1.3
Throwing       | |  0.4
Dodging        | |  2.4
Unarmed Combat | |  3.3

Action                   |  1- 3 |  4- 6 || total
-------------------------+-------+-------++-------
Melee: Unarmed           |    70 |    48 ||   118
       Constrict         |    21 |     9 ||    30
       Kick              |    16 |    10 ||    26
       Tentacles         |     6 |     7 ||    13
       Dagger            |       |    30 ||    30
Throw: Tomahawk          |    12 |     5 ||    17
 Cast: Beastly Appendage |    23 |     9 ||    32
       Sticks to Snakes  |     4 |    13 ||    17
       Spider Form       |     3 |    12 ||    15
  Use: Scroll            |       |     3 ||     3
 Stab: Sleeping          |     7 |     1 ||     8
  Eat: Chunk             |     2 |     6 ||     8
       Ration            |     1 |       ||     1
Armor: Skin              |     5 |     2 ||     7
Dodge: Dodged            |    49 |    71 ||   120
